 Dungeon Crawl Stone Soup version 0.20.0-8-g6b59dc7 (webtiles) character file.

24305189 inmateoo the Wrestler (level 27, 339/339 HPs)
             Began as a Red Draconian Skald on June 2, 2017.
             Was the Champion of Cheibriados.
             Escaped with the Orb
             ... and 15 runes!
             The game lasted 04:07:25 (61901 turns).

inmateoo the Wrestler (Red Draconian Skald)        Turns: 61901, Time: 04:07:26

Health: 339/339    AC: 36    Str: 46    XL:     27
Magic:  26/38      EV: 42    Int: 35    God:    Cheibriados [******]
Gold:   9002       SH: 31    Dex: 33    Spells: 17/67 levels left

rFire    + + +     SeeInvis .     - Unarmed
rCold    + + +     Gourm    .   u - +5 shield {reflect}
rNeg     + + +     Faith    .   (armour unavailable)
rPois    ∞         Spirit   .   Q - +2 hat {MR+}
rElec    +         Reflect  +   f - +2 cloak "Irareo" {rC+ rN+ Stlth-}
rCorr    +         Harm     .   (gloves currently unavailable)
MR       +++++     Clarity  +   (boots currently unavailable)
Stlth    +.........             m - brooch of Shielding {Reflect SH+8}
Regen    0.0/turn               j - ring "Femotz" {+Blink rF+ MR+ Str+6}
MPRegen  0.3/turn               I - ring of Boixozy {*Slow rC+ rN+ MR+ Str-3}

@: mighty, brilliant, agile, statue-form, resistant, shrouded, flying, very
slightly contaminated, regenerating, invisible, deflect missiles, very slow
A: (breathe fire), unfitting armour, big wings, fangs 1, blink, blurry vision 2,
clarity, deterioration 1, fire resistance 1, low mp 2, sense surroundings 1,
inhibited regeneration, cold-blooded, AC +13
0: Orb of Zot
}: 15/15 runes: barnacled, slimy, silver, golden, iron, obsidian, icy, bone,
abyssal, demonic, glowing, magical, fiery, dark, gossamer
a: Stop Flying, End Transformation, Blink, Bend Time, Temporal Distortion,
Slouch, Step From Time, Renounce Religion, Evoke Blink


You escaped.
You worshipped Cheibriados.
Cheibriados was exalted by your worship.
You were full.
You were a stone statue.
You visited 18 branches of the dungeon, and saw 90 of its levels.
You visited Pandemonium 2 times, and saw 24 of its levels.
You visited the Abyss 3 times.
You visited 2 bazaars.
You visited 1 ziggurat, and saw 11 of its levels.
You also visited: Labyrinth, Ice Cave and Volcano.

You collected 11550 gold pieces.
You spent 2548 gold pieces at shops.

Inventory:

Armour
 f - the +2 cloak "Irareo" (worn) {rC+ rN+ Stlth-}
   (You acquired it on level 11 of the Dungeon)

   It protects you from cold.
   It protects you from negative energy.
   It makes you less stealthy.
 u - a +5 shield of reflection (worn)
 H - the +0 pair of gloves "Teiwnakh" (melded) {*Drain rN++ rCorr}
   (You found it on level 11 of the Dungeon)

   It greatly protects you from negative energy.
   It protects you from acid and corrosion.
   It causes draining when unequipped.
 Q - a +2 hat of magic resistance (worn)
 Y - a +2 pair of boots (melded)
Jewellery
 d - the ring of Ypaeleik {rF+ MR+ Str+4 Int+2}
   (You found it on level 3 of the Tomb of the Ancients)

   [ring of protection from magic]

   It affects your strength (+4).
   It affects your intelligence (+2).
   It protects you from fire.
   It affects your resistance to hostile enchantments.
 j - the ring "Femotz" (left hand) {+Blink rF+ MR+ Str+6}
   (You took it off an orc priest on level 9 of the Dungeon)

   [ring of protection from fire]

   It affects your strength (+6).
   It protects you from fire.
   It affects your resistance to hostile enchantments.
   It lets you blink.
 m - the brooch of Shielding (around neck) {Reflect SH+8}
   (You found it on level 5 of the Vaults)

   [amulet of reflection]

   It shields you and reflects attacks.
   It affects your SH (+8).
 n - an uncursed ring of resist corrosion
 F - an uncursed ring of see invisible
 I - the ring of Boixozy (right hand) {*Slow rC+ rN+ MR+ Str-3}
   (You found it on level 5 of the Vaults)

   [ring of strength]

   It affects your strength (-3).
   It protects you from cold.
   It protects you from negative energy.
   It affects your resistance to hostile enchantments.
   It may slow you when you take damage.
 J - an uncursed amulet of regeneration
Wands
 l - a wand of clouds (3/9)
 t - a wand of scattershot (7/9)
 M - a wand of digging (12/24)
Scrolls
 c - 5 scrolls of recharging
 e - 43 scrolls of remove curse
 o - 12 scrolls of teleportation
 p - 3 scrolls of enchant armour
 q - 3 scrolls of immolation
 w - 4 scrolls of blinking
 y - 12 scrolls of fog
 E - 23 scrolls of identify
 L - 5 scrolls of fear
 T - 4 scrolls of silence
 V - 3 scrolls of holy word
Potions
 g - 5 potions of agility
 i - 20 potions of curing
 r - 2 potions of brilliance
 v - 9 potions of mutation
 A - 11 potions of lignification
 B - 2 potions of cancellation
 C - 8 potions of might
 D - 3 potions of heal wounds
 G - 4 potions of invisibility
 W - 2 potions of magic
 X - 4 potions of resistance
 Z - 3 potions of ambrosia
Miscellaneous
 a - the horn of Geryon (inert)
 k - a figurine of a ziggurat
 s - a lamp of fire
 z - a lightning rod (4/4)
 N - a phial of floods
 P - a box of beasts
 S - 3 phantom mirrors
 U - 7 sacks of spiders
Comestibles
 b - 4 bread rations
 h - 34 meat rations


   Skills:
 - Level 24.1 Fighting
 - Level 22.5 Dodging
 - Level 14.1 Shields
 - Level 26.5 Unarmed Combat
 - Level 20.5 Spellcasting
 - Level 7.1 Charms
 - Level 12.6 Translocations
 - Level 14.0 Transmutations
 - Level 10.2 Air Magic
 * Level 24.9 Earth Magic
 - Level 10.3 Invocations
 - Level 22.8 Evocations


You had 17 spell levels left.
You knew the following spells:

 Your Spells              Type           Power        Failure   Level  Hunger
a - Regeneration          Chrm/Necr      ######....   1%          3    None
b - Statue Form           Tmut/Erth      ########.    1%          6    None
c - Infusion              Chrm           ####         1%          1    None
d - Apportation           Tloc           ######       0%          1    None
e - Shroud of Golubria    Chrm/Tloc      #######...   0%          2    None
f - Passwall              Tmut/Erth      ########..   0%          2    None
g - Lee's Rapid Deconstr  Erth           ########..   0%          5    None
h - Lesser Beckoning      Tloc           #######...   0%          3    None
i - Blink                 Tloc           N/A          0%          2    None
j - Deflect Missiles      Chrm/Air       #######...   1%          6    None
k - Passage of Golubria   Tloc           N/A          1%          4    None
l - Iron Shot             Conj/Erth      #######...   1%          6    None
m - Shatter               Erth           ########..   1%          9    #####..


Dungeon Overview and Level Annotations

Branches:
Dungeon (15/15)            Temple (1/1) D:5            Lair (6/6) D:11
 Shoals (4/4) Lair:3       Spider (4/4) Lair:2        Slime (5/5) Lair:6
    Orc (2/2) D:9             Elf (3/3) Orc:2        Vaults (5/5) D:13
  Crypt (3/3) Vaults:2       Tomb (3/3) Crypt:3      Depths (5/5) D:15
   Hell (1/1)                 Dis (7/7) Hell            Geh (7/7) Hell
    Coc (7/7) Hell            Tar (7/7) Hell            Zot (5/5) Depths:5

Altars:
Ashenzari
Cheibriados
Dithmenos
Fedhas
Kikubaaqudgha
Makhleb
Nemelex Xobeh
Ru
Sif Muna
Trog
Uskayaw
Vehumet
Xom
Yredelemnul
Zin
Beogh

Shops:
Orc:2 [([*%   Shoals:1 ::(?(

Portals:
Hell: Depths:1 Depths:2
Abyss: Depths:4
Pandemonium: Depths:1 Depths:2

Annotations:
D:15 exclusion: Roxanne, Roxanne
Elf:2 5 runed doors
Coc:7 exclusion: ice statue


Innate Abilities, Weirdness & Mutations

((You can breathe blasts of fire.))
((Your fiery red scales are hard. (AC +13)))
You cannot fit into any form of body armour.
Your flesh is heat resistant. (rF+)
You are cold-blooded and may be slowed by cold attacks.
Your large and strong wings let you fly indefinitely.
You have very sharp teeth.
You can translocate small distances at will.
Scrolls take you longer to read.
You possess an exceptional clarity of mind.
Your body sometimes deteriorates upon taking damage.
Your magical capacity is very low. (-20% MP)
You passively map a small area around you.
((You are covered in fur. (AC +1)))
You do not regenerate when monsters are visible.


Message History

You are very lightly contaminated with residual magic.
You feel protected. You block the bat's attack.
Okay, then.
Casting: Passwall
Confirm with . or Enter, or press ? or * to list all spells.
Your skin crawls.
You block the bat's attack.
Casting: Regeneration
Confirm with . or Enter, or press ? or * to list all spells.
Space distorts slightly along a thin shroud covering your body.
You block the bat's attack.
Casting: Shroud of Golubria
Confirm with . or Enter, or press ? or * to list all spells.
The dungeon rumbles!
You kill the bat!
Cheibriados thoroughly appreciates the change of pace.
Ka-crash!
An Orb Guardian comes into view.
Unknown command.
You have escaped!

# #########.######.#
####### #.........†....#.#
....).# #.............##.#
.....## #..##..####...##.#
###### #.............##.#
##########................#
........##..............###
####....##..#.......#..# #
#....##..#...8...#..# #
##...)##..#..........# #
#....)....#.......#..# #
##....##..#.......#..# #
#....##..##.#...##..#
#######.##.....X.......#
#.......##.............#
#.#####.######.##..#####
....# #.# ###.#


You could see an Orb Guardian.

Vanquished Creatures
  Cerebov (Pan)
  Antaeus (Coc:7)
  Asmodeus (Geh:7)
  the Royal Jelly (Slime:5)
  Gloorx Vloq (Pan)
  Ignacio (Pan)
  the Serpent of Hell (Tar:7)
  Mnoleg (Pan)
  Lom Lobon (Pan)
  4 ancient liches
  Mennas (Pan)
  An orb of fire (Zot:5)
  13 pandemonium lords
  Mara (Crypt:1)
  11 greater mummies
  15 shard shrikes
  Boris (Depths:4)
  Saint Roka (Crypt:3)
  Bai Suzhen (Spider:3)
  Frederick (Crypt:2)
  A Killer Klown (Zot:5)
  2 curse toes (Crypt:3)
  Geryon (Hell)
  3 golden dragons
  Nikola (Shoals:4)
  Jory (Vaults:4)
  9 bone dragons
  An electric golem (Zot:2)
  23 Brimstone Fiends
  3 doom hounds
  Arachne (Spider:4)
  A hellephant (Abyss:5)
  Jorgrun (Crypt:1)
  Rupert (D:13)
  13 Tzitzimimeh
  17 Hell Sentinels
  11 tentacled monstrosities
  9 liches
  15 Ice Fiends
  22 Orb Guardians
  6 titans
  2 deep elf blademasters (Elf:3)
  5 iron giants (Dis:7)
  Asterion (Lair:2)
  17 acid blobs
  3 quicksilver dragons
  2 deep elf master archers
  15 ancient champions
  3 eldritch tentacles
  12 sphinxes
  24 Executioners
  6 tengu reavers
  Polyphemus (Shoals:4)
  2 death cobs
  A kraken (Shoals:4)
  12 shadow dragons
  2 tentacled starspawn
  Kirke (Spider:2)
  Ilsuiw (Shoals:4)
  10 storm dragons
  Donald (Vaults:1)
  6 fire giants
  4 revenants
  A daeva (Pan)
  12 azure jellies
  8 iron dragons
  2 draconian knights
  26 vault wardens
  7 deep elf sorcerers
  12 frost giants
  A spectral juggernaut (Zig:9)
  5 emperor scorpions
  2 draconian scorchers
  5 curse skulls
  3 orc warlords
  26 balrugs
  15 cacodemons
  7 warmongers (Pan)
  6 corrupters (Pan)
  9 ghost moths
  3 deep elf elementalists
  A juggernaut zombie (Depths:4)
  4 draconian shifters
  3 ghouls
  53 reapers
  2 draconian annihilators
  A stone giant (shapeshifter) (Zig:3)
  26 very ugly things
  An elemental wellspring (Coc:7)
  10 war gargoyles
  6 entropy weavers
  16 stone giants
  7 blood saints (Pan)
  15 ironheart preservers
  A juggernaut skeleton (Depths:4)
  15 lorocyprocas
  11 deep elf annihilators
  10 vampire knights
  6 black suns (Pan)
  14 bennus
  6 purple draconians
  2 red draconians
  5 dire elephants (Abyss:5)
  Azrael (Spider:2)
  A spark wasp (Spider:4)
  4 green draconians
  9 deep elf demonologists
  3 yellow draconians
  3 white draconians
  A minotaur (Lab)
  16 deep elf death magi
  4 merfolk javelineers (Shoals:4)
  9 death oozes (Slime:5)
  10 ettins
  2 jiangshi (Crypt:3)
  6 quicksilver dragon zombies
  A crystal guardian (Vaults:4)
  25 blizzard demons
  18 green deaths
  23 mummy priests
  5 eidola
  5 fire dragons
  7 merfolk impalers
  12 yaktaur captains
  10 ogre magi
  A kraken zombie (Hell)
  17 ice dragons
  15 great orbs of eyes
  7 rakshasas
  33 vault guards
  4 deep elf high priests
  4 quicksilver dragon skeletons
  7 monstrous demonspawn (Pan)
  Fannar (Lair:1)
  6 hydras
  A great orb of eyes (shapeshifter) (Vaults:5)
  A spectral shadow dragon (Zig:9)
  11 centaur warriors
  2 alligator snapping turtles
  5 hell beasts
  A catoblepas (Shoals:4)
  4 ghost crabs
  2 spriggan air magi
  33 two-headed ogres
  5 merfolk avatars
  A spectral stone giant (Zig:9)
  15 dancing weapons
  4 death knights
  3 merfolk aquamancers (Shoals:4)
  5 deep troll earth magi
  70 death scarabs
  6 deep troll shamans
  12 hell hogs
  7 vampire magi
  3 satyrs (Shoals:3)
  4 death yaks
  5 thrashing horrors
  5 orc high priests (Orc:2)
  A spectral storm dragon (Zig:9)
  6 titan zombies
  26 soul eaters
  A shock serpent (Vaults:3)
  A spriggan berserker (Depths:5)
  20 hell knights
  49 sun demons
  9 iron golems
  7 storm dragon zombies
  3 titan skeletons
  20 deep elf knights
  6 storm dragon skeletons
  99 skeletal warriors
  8 iron trolls
  45 large abominations
  19 sixfirhies
  3 wretched stars
  3 spatial maelstroms
  A spark wasp zombie (Hell)
  3 ghost moth zombies
  11 shadow wraiths
  13 flayed ghosts
  29 deep trolls
  A sea snake (shapeshifter) (Vaults:4)
  7 anaconda zombies
  4 golden dragon zombies
  8 gelid demonspawn (Pan)
  14 sea snakes
  A death drake (Vaults:3)
  15 wizards
  10 shadow demons
  A deep troll (shapeshifter) (Vaults:5)
  2 unseen horrors
  A quicksilver dragon simulacrum (Hell)
  11 torturous demonspawn (Pan)
  2 anaconda skeletons
  A tengu zombie (Hell)
  3 glowing orange brains
  8 infernal demonspawn (Pan)
  An orange crystal statue (Depths:5)
  A spectral iron dragon (Depths:4)
  22 harpies
  5 shadow dragon zombies
  21 deep elf archers
  12 necromancers
  17 phantasmal warriors
  A harpy (shapeshifter) (Vaults:4)
  3 wolf spider zombies
  14 ironbrand convokers
  4 golden dragon skeletons
  A mana viper (shapeshifter) (Depths:1)
  35 wolf spiders
  3 shadow dragon skeletons
  An obsidian statue (Zig:3)
  A mana viper (Vaults:3)
  12 orb spiders
  67 deep elf magi
  4 oklob plants (Lair:4)
  5 stone giant zombies
  51 ugly things
  A cyclops (shapeshifter) (Vaults:4)
  5 fire giant zombies
  A shining eye (shapeshifter) (Vaults:1)
  4 iron dragon zombies
  4 frost giant zombies
  3 orc sorcerers
  26 orc knights
  12 manticores
  3 fauns
  7 shining eyes
  8 cyclopes
  2 worldbinders (Vaults:3)
  A salamander (shapeshifter) (D:15)
  An elephant (shapeshifter) (Depths:1)
  6 toenail golems
  A moth of wrath (shapeshifter) (Vaults:1)
  10 black mambas
  11 merfolk sirens
  22 rust devils
  A dire elephant zombie (Geh:1)
  3 eyes of devastation
  4 frost giant skeletons
  11 moths of wrath
  A shock serpent zombie (Dis:1)
  2 iron dragon skeletons
  2 water nymphs
  2 stone giant skeletons
  5 ice statues
  A guardian serpent (Lair:6)
  32 smoke demons
  22 spiny frogs
  7 fire giant skeletons
  4 torpor snails
  3 apocalypse crabs
  A death yak zombie (Crypt:1)
  16 elephants
  6 molten gargoyles
  18 vault sentinels
  A yellow draconian zombie (Crypt:3)
  2 dire elephant skeletons
  A naga mage (Vaults:3)
  A gargoyle (D:11)
  7 centaur skeletons
  2 rime drakes
  3 elf skeletons
  9 komodo dragons
  2 emperor scorpion zombies
  17 orange demons (Pan)
  29 hellions
  3 shock serpent skeletons
  28 yaktaurs
  35 freezing wraiths
  3 anaconda simulacra
  5 efreet
  38 guardian mummies
  A yaktaur (shapeshifter) (Depths:1)
  20 hellwings (Pan)
  A kobold demonologist (D:15)
  A red draconian zombie (Crypt:2)
  3 small abominations
  2 catoblepas zombies
  44 ice devils
  2 komodo dragons (shapeshifter)
  A white draconian skeleton (Coc:7)
  The ghost of CalmDownMonkey the Ruffian, an amateur TrMo of Okawaru (D:4)
  11 hydra zombies
  32 red devils
  32 tormentors
  21 demonic crawlers
  2 tengu conjurers
  4 harpy zombies
  A golden dragon simulacrum (Hell)
  A jumping spider (shapeshifter) (Zig:3)
  2 silent spectres
  25 jumping spiders
  13 merfolk
  3 polar bears
  9 wind drakes
  9 trolls
  17 hornets
  5 ettin zombies
  3 harpy skeletons
  93 slime creatures
  6 hydra skeletons
  11 snapping turtles
  2 sphinx simulacra
  A fire giant simulacrum (Coc:7)
  13 hippogriffs
  2 alligator zombies (Coc:7)
  A raiju (shapeshifter) (Vaults:3)
  12 blink frogs
  3 fire dragon zombies
  3 raiju
  A dream sheep (shapeshifter) (Zig:11)
  2 frost giant simulacra
  5 ice dragon zombies
  2 stone giant simulacra
  8 dream sheep
  2 black mamba zombies
  15 wyverns
  13 ynoxinuls
  A spriggan (shapeshifter) (Elf:1)
  31 wraiths
  8 air elementals
  3 fire dragon skeletons
  104 flying skulls
  66 redbacks
  6 dire elephant simulacra
  3 spriggans (Depths:5)
  26 water elementals
  A tyrant leech zombie (Crypt:1)
  2 vampires
  An alligator skeleton (Geh:4)
  2 ettin skeletons
  25 fire elementals
  A hog (shapeshifter) (Vaults:3)
  3 ice dragon skeletons
  48 yaks
  34 tarantellas
  36 shadows
  9 ushabtiu
  A black mamba skeleton (Geh:2)
  5 hungry ghosts
  A hog (Spider:2)
  3 fire bats (Lair:3)
  16 humans (D:13)
  4 basilisks
  19 chaos spawn
  19 neqoxecs
  A golden eye (Zig:10)
  A swamp worm (Shoals:3)
  3 wargs
  3 iron troll simulacra (IceCv)
  An acid dragon (D:14)
  2 harpy simulacra (IceCv)
  Menkaure (D:5)
  60 hell hounds
  4 hydra simulacra
  3 spatial vortices (Abyss:5)
  24 water moccasins
  3 spiny frog zombies
  9 porcupines
  A monstrous demonspawn skeleton (Crypt:1)
  3 floating eyes (Pan)
  A swamp drake (D:9)
  A merfolk skeleton (Pan)
  12 phantoms
  14 ice beasts
  3 black bears
  3 snapping turtle zombies
  65 orc warriors
  7 sky beasts
  4 spiny frog skeletons
  A hornet zombie (Crypt:2)
  2 dream sheep zombies
  15 eyes of draining
  21 starcursed masses
  15 wolves
  4 human zombies
  A manticore zombie (Dis:5)
  An ice dragon simulacrum (Coc:7)
  18 necrophages
  2 swamp dragon zombies
  2 manticore skeletons
  36 ogres
  3 boggarts
  24 centaurs
  4 swamp dragon skeletons
  10 crocodiles
  2 elf simulacra (Vaults:3)
  A snapping turtle skeleton (Geh:5)
  3 elf zombies
  2 big kobolds
  A komodo dragon zombie (Crypt:1)
  19 bullfrogs
  2 gnoll sergeants
  2 wyvern zombies
  A deep troll simulacrum (Vaults:3)
  A water moccasin zombie (D:10)
  3 spiny frog simulacra
  4 earth elementals
  4 scorpions
  2 spriggan zombies
  A water moccasin skeleton (D:4)
  A queen bee zombie (Crypt:3)
  A snapping turtle simulacrum (Crypt:2)
  10 killer bees
  2 spriggan skeletons
  57 wights
  2 troll skeletons (Lab)
  2 howler monkeys
  5 electric eels
  A wolf zombie (Crypt:2)
  17 crimson imps
  2 bullfrog zombies
  3 jellies
  3 centaur zombies
  A quasit (D:5)
  A wolf skeleton (Crypt:1)
  40 orc priests
  6 hounds
  A soldier ant zombie (Crypt:1)
  2 bullfrog skeletons
  34 iron imps
  A human skeleton (Tomb:1)
  Natasha (thrice) (D:2)
  4 iguanas
  5 lightning spires
  11 worker ants
  27 orc wizards
  4 hell rats (Hell)
  A naga zombie (Dis:7)
  2 ogre skeletons (Lab)
  A bullfrog simulacrum (D:8)
  A centaur simulacrum (D:8)
  A human simulacrum (D:12)
  A hound zombie (D:9)
  A hound skeleton (D:8)
  50 mummies
  5 worker ant zombies
  A howler monkey zombie (Crypt:1)
  20 gnolls
  2 river rats (Lair:3)
  17 adders
  2 hound simulacra (D:8)
  8 shadow imps
  28 white imps
  An ufetubus (D:8)
  An ooze (D:4)
  A halfling zombie (Crypt:1)
  An iguana skeleton (Crypt:1)
  2 adder skeletons
  3 worms
  2 barachi skeletons
  4 dart slugs
  2 leopard geckos
  104 orcs
  A bat zombie (Crypt:2)
  7 giant cockroaches
  15 goblins
  21 hobgoblins
  12 jackals
  16 kobolds
  3 quokkas
  2 ball pythons (D:2)
  A ball python zombie (Crypt:3)
  13 bats
  3 frilled lizards
  A goblin zombie (Crypt:1)
  A hobgoblin zombie (Crypt:3)
  A jackal skeleton (D:6)
  A kobold zombie (Crypt:2)
  A leopard gecko simulacrum (D:8)
  2 leopard gecko skeletons
  2 orc skeletons
  3 quokka skeletons
  A quokka zombie (D:5)
  9 rats
  4 crawling corpses (Elf:3)
  A macabre mass (Vaults:3)
  5 plants
  7 tentacles
4396 creatures vanquished.

Vanquished Creatures (collateral kills)
  Ereshkigal (Tar:7)
  Dispater (Dis:7)
  An orb of fire (Zot:5)
  3 Killer Klowns (Zot:5)
  An electric golem (Zot:5)
  A lich (Depths:2)
  5 Orb Guardians (Zot:5)
  2 shadow dragons (Zot:5)
  A shock serpent (D:14)
  A smoke demon (Zot:5)
  An iron imp (Dis:7)
  A kobold (D:14)
19 creatures vanquished.

Vanquished Creatures (others)
  2 eldritch tentacles
  A deep elf master archer (Elf:3)
  A shadow dragon (Zig:9)
  A fire giant (D:15)
  An elemental wellspring (Coc:7)
  A stone giant (Depths:1)
  2 yaktaur captains (Vaults:5)
  The ghost of buskinjo the Zephyrmancer, a journeyman KoAE of Vehumet (D:10)
  18 death scarabs
  An ogre mage (Vaults:3)
  A titan zombie (Geh:7)
  A hell hog (Dis:1)
  A deep elf knight (Elf:1)
  An unseen horror (Vaults:1)
  5 deep elf archers
  2 wizards (Pan)
  An orange demon (Pan)
  3 yaktaurs
  An ice devil (Coc:7)
  A guardian mummy (Tomb:3)
  A jumping spider (Spider:4)
  2 hydra skeletons
  7 flying skulls
  An ice dragon skeleton (Tomb:3)
  A hog (Spider:2)
  3 humans (Spider:2)
  2 chaos spawn (Pan)
  A hell hound (Geh:7)
  5 wights
  A hell rat (Hell)
  A human simulacrum (D:12)
  A mummy (Tomb:2)
  A shadow imp (Tar:2)
  An ufetubus (Zot:5)
  7 ball lightnings
  An orc skeleton (Geh:5)
  10 fungi
  24 plants
  5 starspawn tentacles
  11 tentacles
132 creatures vanquished.

Grand Total: 4547 creatures vanquished

Notes
Turn   | Place    | Note
-------+----------+-------------------------------------------
     0 | D:1      | inmateoo the Draconian Skald began the quest for the Orb.
     0 | D:1      | Reached XP level 1. HP: 17/17 MP: 3/3
   433 | D:1      | Reached XP level 2. HP: 16/24 MP: 5/5
   599 | D:1      | Reached skill level 3 in Unarmed Combat
   676 | D:1      | Gained mutation: You have a pair of small antennae on your head. [potion of mutation]
   676 | D:1      | Gained mutation: You are weak. (Str -2) [potion of mutation]
   676 | D:1      | Gained mutation: You have sharp fingernails. [potion of mutation]
   676 | D:1      | Gained mutation: You have a pair of antennae on your head. [potion of mutation]
   753 | D:1      | Reached XP level 3. HP: 29/29 MP: 6/6
  1032 | D:2      | Noticed Natasha
  1040 | D:2      | Killed Natasha
  1040 | D:2      | Reached skill level 4 in Unarmed Combat
  1360 | D:2      | Reached XP level 4. HP: 36/36 MP: 7/7
  1419 | D:2      | Noticed Natasha
  1586 | D:2      | Learned a level 2 spell: Shroud of Golubria
  1590 | D:2      | Learned a level 3 spell: Regeneration
  1842 | D:2      | Killed Natasha
  1842 | D:2      | Reached skill level 5 in Unarmed Combat
  1843 | D:2      | Reached XP level 5. HP: 20/41 MP: 0/8
  2008 | D:2      | Noticed Natasha
  2014 | D:2      | Killed Natasha
  2913 | D:3      | Reached skill level 6 in Unarmed Combat
  3150 | D:3      | Reached XP level 6. HP: 23/48 MP: 9/9
  3869 | D:4      | Reached skill level 7 in Unarmed Combat
  3898 | D:4      | Noticed CalmDownMonkey's ghost (amateur TrMo)
  3983 | D:4      | Your scales start taking on a fiery red colour.
  3983 | D:4      | Reached XP level 7. HP: 49/55 MP: 10/10
  3983 | D:4      | Gained mutation: Your flesh is heat resistant. (rF+) [Red Draconian growth]
  4445 | D:4      | Reached skill level 8 in Unarmed Combat
  5024 | D:4      | Killed CalmDownMonkey's ghost
  5228 | D:5      | Entered Level 5 of the Dungeon
  5258 | D:5      | Reached skill level 9 in Unarmed Combat
  5258 | D:5      | Reached XP level 8. HP: 60/66 MP: 11/11
  5615 | D:5      | Gained mutation: You tend to lose your temper in combat. [mutagenic meat]
  5616 | D:5      | Gained mutation: You often lose your temper in combat. [mutagenic meat]
  5617 | D:5      | Gained mutation: You have large cloven feet. [mutagenic meat]
  5618 | D:5      | Lost mutation: You have a pair of antennae on your head. [potion of mutation]
  5618 | D:5      | Lost mutation: You have large cloven feet. [potion of mutation]
  5618 | D:5      | Lost mutation: You often lose your temper in combat. [potion of mutation]
  5618 | D:5      | Gained mutation: Your large and strong wings let you fly indefinitely. [potion of mutation]
  5618 | D:5      | Gained mutation: You are covered in fur. (AC +1) [potion of mutation]
  5618 | D:5      | Gained mutation: You have large cloven feet. [potion of mutation]
  5787 | D:5      | Noticed Menkaure
  5789 | D:5      | Killed Menkaure
  5801 | D:5      | Found a deep blue altar of Sif Muna.
  5809 | D:5      | Found a shattered altar of Ashenzari.
  5849 | D:5      | Found a blossoming altar of Fedhas.
  5935 | D:5      | Reached skill level 5 in Fighting
  5943 | D:5      | Reached skill level 10 in Unarmed Combat
  5958 | D:5      | Found a staircase to the Ecumenical Temple.
  5965 | Temple   | Entered the Ecumenical Temple
  6007 | Temple   | Became a worshipper of Cheibriados the Contemplative
  6730 | D:6      | Learned a level 1 spell: Apportation
  6790 | D:6      | Lost mutation: You have a pair of small antennae on your head. [mutagenic meat]
  6791 | D:6      | Gained mutation: You can translocate small distances at will. [mutagenic meat]
  6792 | D:6      | Gained mutation: Your body sometimes deteriorates upon taking damage. [mutagenic meat]
  6793 | D:6      | Gained mutation: Your magical capacity is low. (-10% MP) [mutagenic meat]
  6794 | D:6      | Gained mutation: Your magical capacity is very low. (-20% MP) [mutagenic meat]
  6795 | D:6      | Gained mutation: Your flesh is cold resistant. (rC+) [mutagenic meat]
  7300 | D:7      | Reached XP level 9. HP: 64/75 MP: 9/9
  7305 | D:7      | Found a runed door.
  7305 | D:7      | Noticed a sixfirhy
  7479 | D:7      | Reached * piety under Cheibriados
  7724 | D:7      | Reached skill level 11 in Unarmed Combat
  7825 | D:7      | Found a shadowy altar of Dithmenos.
  8100 | D:7      | Killed a sixfirhy
  8454 | D:8      | Reached ** piety under Cheibriados
  8531 | D:8      | Noticed a polar bear
  8540 | D:8      | Killed a polar bear
  8540 | D:8      | Reached skill level 12 in Unarmed Combat
  8540 | D:8      | Reached XP level 10. HP: 71/86 MP: 10/10
  8569 | D:8      | Reached skill level 1 in Shields
  8820 | D:8      | Reached *** piety under Cheibriados
  8929 | D:8      | Reached skill level 5 in Dodging
  9734 | D:9      | Reached skill level 1 in Invocations
  9758 | D:9      | Reached **** piety under Cheibriados
  9769 | D:9      | Noticed a two-headed ogre
  9778 | D:9      | Noticed a cyan ugly thing
  9779 | D:9      | Killed a two-headed ogre
  9804 | D:9      | Killed a cyan ugly thing
  9939 | D:9      | Reached XP level 11. HP: 95/95 MP: 11/11
  9984 | D:9      | Reached skill level 13 in Unarmed Combat
  9991 | D:9      | Got a faintly glowing iron ring
 10357 | D:9      | Found a staircase to the Orcish Mines.
 10496 | D:9      | Identified the ring "Femotz" {+Blink rF+ MR+ Str+6} (You took it off an orc priest on level 9 of the Dungeon)
 10513 | D:10     | Entered Level 10 of the Dungeon
 10642 | D:10     | Reached ***** piety under Cheibriados
 10983 | D:10     | Reached skill level 5 in Invocations
 11041 | D:10     | Noticed buskinjo's ghost (journeyman KoAE)
 11071 | D:11     | Got a pair of spiked gloves
 11082 | D:11     | Identified the cursed +0 pair of gloves "Teiwnakh" {*Drain rN++ rCorr} (You found it on level 11 of the Dungeon)
 11090 | D:11     | Identified a scroll of acquirement
 11093 | D:11     | Got a distressingly furry cloak
 11104 | D:11     | Identified the +2 cloak "Irareo" {rC+ rN+ Stlth-} (You acquired it on level 11 of the Dungeon)
 11465 | D:11     | Noticed an eight-headed hydra
 11474 | D:11     | Killed an eight-headed hydra
 11679 | D:11     | Found a staircase to the Lair.
 12005 | D:11     | Noticed a two-headed ogre
 12012 | D:11     | Killed a two-headed ogre
 12012 | D:11     | Reached skill level 5 in Shields
 12099 | D:11     | Reached XP level 12. HP: 74/105 MP: 13/13
 12468 | D:10     | Noticed a two-headed ogre
 12477 | D:10     | Killed a two-headed ogre
 12607 | D:10     | Reached skill level 14 in Unarmed Combat
 12705 | D:10     | Killed buskinjo's ghost
 12876 | D:12     | Found a gateway to a bazaar.
 12883 | D:12     | Gained mutation: You are very weak. (Str -4) [mutagenic meat]
 12893 | Bazaar   | Entered a bazaar
 12893 | Bazaar   | Found Panlurax's Antique Weapon Boutique.
 12902 | Bazaar   | Found Laeffamm's Jewellery Boutique.
 12906 | Bazaar   | Bought an uncursed amulet of regeneration for 300 gold pieces
 12914 | Bazaar   | Found Fehimoc's Magic Scroll Emporium.
 12915 | Bazaar   | Found Riaf's Magic Scroll Boutique.
 12925 | Bazaar   | Found Caddov's Magic Scroll Boutique.
 12934 | Bazaar   | Bought a scroll of identify for 18 gold pieces
 12934 | Bazaar   | Bought a scroll of identify for 18 gold pieces
 12934 | Bazaar   | Bought a scroll of identify for 18 gold pieces
 12934 | Bazaar   | Bought a scroll of teleportation for 27 gold pieces
 12934 | Bazaar   | Bought a scroll of blinking for 67 gold pieces
 12934 | Bazaar   | Bought a scroll of identify for 18 gold pieces
 12942 | Bazaar   | Bought a scroll of magic mapping for 24 gold pieces
 12942 | Bazaar   | Bought a scroll of magic mapping for 24 gold pieces
 12942 | Bazaar   | Bought a scroll of magic mapping for 24 gold pieces
 12942 | Bazaar   | Bought 3 scrolls of identify for 42 gold pieces
 12942 | Bazaar   | Bought a scroll of teleportation for 21 gold pieces
 12949 | Bazaar   | Bought a scroll of identify for 26 gold pieces
 12949 | Bazaar   | Bought a scroll of identify for 26 gold pieces
 12949 | Bazaar   | Bought a scroll of identify for 26 gold pieces
 13032 | D:12     | Noticed a four-headed hydra
 13043 | D:12     | Killed a four-headed hydra
 13076 | D:12     | Noticed a two-headed ogre
 13083 | D:12     | Killed a two-headed ogre
 13227 | D:12     | Reached skill level 10 in Fighting
 13491 | D:13     | Found a flickering gateway to a bazaar.
 13523 | Bazaar   | Entered a bazaar
 13523 | Bazaar   | Found Saen Mef's Assorted Antiques.
 13523 | Bazaar   | Found Duoclac's Jewellery Emporium.
 13524 | Bazaar   | Found Volanyfa's General Store.
 13524 | Bazaar   | Found Pirghouky's Antique Armour Emporium.
 13542 | Bazaar   | Bought a fuming puce potion for 27 gold pieces
 13550 | Bazaar   | Bought a scroll labeled HEIBLIRISU for 31 gold pieces
 13550 | Bazaar   | Bought a scroll labeled PYAPOSTA FEYWI for 31 gold pieces
 13724 | D:13     | Noticed a centaur warrior
 13727 | D:13     | Noticed a centaur warrior
 13738 | D:13     | Killed a centaur warrior
 13759 | D:13     | Reached ****** piety under Cheibriados
 13764 | D:13     | Killed a centaur warrior
 13814 | D:13     | Noticed a centaur warrior
 13816 | D:13     | Noticed Rupert
 13821 | D:13     | Killed a centaur warrior
 13882 | D:13     | Reached XP level 13. HP: 114/114 MP: 15/15
 13924 | D:14     | Noticed Nessos
 13925 | D:14     | Noticed Nessos
 13925 | D:14     | Nessos changed into Nessos the torpor snail
 13930 | D:14     | Killed Nessos the torpor snail
 14394 | D:14     | Found a bloodstained altar of Trog.
 14683 | D:14     | Reached skill level 15 in Unarmed Combat
 14740 | D:13     | Found a gate to the Vaults.
 14742 | D:13     | Paralysed by Rupert for 4 turns
 15003 | D:13     | Killed Rupert
 15220 | D:15     | Entered Level 15 of the Dungeon
 15255 | D:14     | Reached skill level 10 in Invocations
 15305 | D:15     | Found a labyrinth entrance.
 15308 | Lab      | Entered a labyrinth
 15812 | Lab      | Noticed a minotaur
 15822 | Lab      | Killed a minotaur
 15829 | Lab      | Identified the Tome of Clay
 15894 | Lab      | Learned a level 6 spell: Statue Form
 15898 | D:15     | Reached skill level 1 in Transmutations
 15898 | D:15     | Reached skill level 1 in Earth Magic
 16021 | D:15     | Noticed a fire giant
 16037 | D:15     | Killed a fire giant
 16037 | D:15     | Reached XP level 14. HP: 53/124 MP: 17/17
 16245 | D:15     | Found a staircase to the Depths.
 16297 | D:15     | Learned a level 2 spell: Passwall
 16378 | D:15     | Noticed Roxanne
 16461 | D:15     | Gained mutation: You passively map a small area around you. [mutagenic meat]
 16856 | D:15     | Lost mutation: You are very weak. (Str -4) [mutagenic meat]
 16857 | D:15     | Lost mutation: Your body sometimes deteriorates upon taking damage. [mutagenic meat]
 16888 | D:15     | Gained mutation: Your magical capacity is extremely low. (-30% MP) [mutagenic meat]
 17416 | Lair:1   | Entered Level 1 of the Lair of Beasts
 17658 | Lair:1   | Reached skill level 16 in Unarmed Combat
 17915 | Lair:1   | Noticed Fannar
 17938 | Lair:1   | Killed Fannar
 18453 | Lair:2   | Found a hole to the Spider Nest.
 18761 | Lair:2   | Reached skill level 5 in Transmutations
 19015 | Lair:3   | Reached skill level 5 in Spellcasting
 19028 | Lair:3   | Reached skill level 5 in Earth Magic
 19055 | Lair:3   | Found a dark tunnel.
 19069 | Volcano  | Entered a volcano
 19536 | Lair:3   | Learned a level 5 spell: Lee's Rapid Deconstruction
 20000 | Lair:3   | Found a staircase to the Shoals.
 20429 | Lair:4   | Reached XP level 15. HP: 97/129 MP: 16/16
 22026 | Lair:6   | Entered Level 6 of the Lair of Beasts
 22491 | Lair:6   | Learned a level 3 spell: Lesser Beckoning
 22663 | Lair:6   | Found a staircase to the Slime Pits.
 23752 | Orc:1    | Entered Level 1 of the Orcish Mines
 23900 | Orc:2    | Entered Level 2 of the Orcish Mines
 24121 | Orc:1    | Found a burning altar of Makhleb.
 24300 | Orc:2    | Found a staircase to the Elven Halls.
 24426 | Orc:2    | Found Xusuc's Armour Shop.
 24431 | Orc:2    | Found a roughly hewn altar of Beogh.
 24444 | Orc:2    | Bought a +0 hat of magic resistance for 121 gold pieces
 24822 | Orc:2    | Reached skill level 17 in Unarmed Combat
 25192 | Orc:2    | Reached XP level 16. HP: 111/137 MP: 11/19
 25238 | Orc:2    | Found Puczist's Antique Weapon Shop.
 25241 | Orc:2    | Found Enli's Food Shop.
 25242 | Orc:2    | Found Onwur's Antique Armour Shop.
 25243 | Orc:2    | Found Faxevupn's Assorted Antiques.
 25354 | Elf:1    | Entered Level 1 of the Elven Halls
 25477 | Orc:2    | Bought a scroll of acquirement for 1560 gold pieces
 25478 | Orc:2    | Got a heavily runed hat
 25490 | Orc:2    | Identified the +0 hat "Kypnexza" {rN+ Int+3 Dex-5} (You acquired it on level 2 of the Orcish Mines)
 25790 | Spider:1 | Entered Level 1 of the Spider Nest
 25790 | Spider:1 | Noticed Asterion
 25925 | Lair:2   | Killed Asterion
 25993 | Spider:1 | Lost mutation: You tend to lose your temper in combat. [potion of mutation]
 25993 | Spider:1 | Lost mutation: You have sharp fingernails. [potion of mutation]
 25993 | Spider:1 | Lost mutation: Your magical capacity is extremely low. (-30% MP) [potion of mutation]
 25993 | Spider:1 | Gained mutation: You have very sharp teeth. [potion of mutation]
 26651 | Spider:2 | Found a frozen archway.
 26669 | IceCv    | Entered an ice cave
 27108 | Spider:2 | Noticed Azrael
 27167 | Spider:2 | Killed Azrael
 27199 | Spider:2 | Gained mutation: You are dopey. (Int -2) [mutagenic meat]
 27202 | Spider:2 | Lost mutation: You are dopey. (Int -2) [mutagenic meat]
 27519 | Spider:2 | Noticed Kirke
 27529 | Spider:2 | Killed Kirke
 27897 | Spider:2 | Reached skill level 10 in Shields
 28026 | Spider:3 | Noticed Bai Suzhen
 28031 | Spider:3 | Killed Bai Suzhen
 28031 | Spider:3 | Reached skill level 10 in Transmutations
 28031 | Spider:3 | Reached skill level 10 in Earth Magic
 28129 | Spider:3 | Reached XP level 17. HP: 132/144 MP: 17/24
 28179 | Spider:3 | Gained mutation: Your system is resistant to poisons. (rPois) [mutagenic meat]
 28501 | Spider:4 | Entered Level 4 of the Spider Nest
 28994 | Spider:4 | Reached skill level 18 in Unarmed Combat
 29198 | Spider:4 | Reached skill level 10 in Spellcasting
 29224 | Spider:4 | Noticed Arachne
 29234 | Spider:4 | Killed Arachne
 29446 | Spider:4 | Got a gossamer rune of Zot
 29841 | Shoals:1 | Entered Level 1 of the Shoals
 29841 | Shoals:1 | Found Imuywk's Weapon Shop.
 29902 | Shoals:1 | Found Efogirr's Antique Weapon Shop.
 29906 | Shoals:1 | Found Xaz Avaff's Book Shop.
 29924 | Shoals:1 | Found Qoweten's Magic Scroll Shoppe.
 29940 | Shoals:1 | Bought a scroll of magic mapping for 63 gold pieces
 29940 | Shoals:1 | Bought a scroll of identify for 36 gold pieces
 30034 | Shoals:1 | Found Saru's Book Boutique.
 31092 | Shoals:3 | Reached XP level 18. HP: 107/151 MP: 26/26
 31526 | Shoals:4 | Entered Level 4 of the Shoals
 31558 | Shoals:4 | Noticed Ilsuiw
 31605 | Shoals:4 | Killed Ilsuiw
 31766 | Shoals:4 | Noticed Nikola
 31774 | Shoals:4 | Killed Nikola
 31863 | Shoals:4 | Noticed Polyphemus
 31883 | Shoals:4 | Killed Polyphemus
 32121 | Shoals:4 | Got a barnacled rune of Zot
 32524 | Vaults:1 | Entered Level 1 of the Vaults
 32664 | Vaults:1 | Identified a +2 pair of boots of running (You found it on level 1 of the Vaults)
 32920 | Vaults:1 | Noticed Donald
 32935 | Vaults:1 | Killed Donald
 32960 | Vaults:1 | Learned a level 2 spell: Blink
 33050 | Vaults:1 | Reached skill level 19 in Unarmed Combat
 33106 | Vaults:1 | Reached XP level 19. HP: 157/157 MP: 21/27
 34616 | Vaults:2 | Found a staircase to the Crypt.
 34616 | Vaults:2 | Found an ancient bone altar of Kikubaaqudgha.
 34617 | Vaults:2 | Found a basalt altar of Yredelemnul.
 35392 | Vaults:3 | Reached XP level 20. HP: 165/165 MP: 24/29
 35413 | Vaults:3 | Identified the Incunabulum of Toxins
 35562 | Vaults:3 | Found a glowing silver altar of Zin.
 35670 | Vaults:3 | Identified the Papyrus of the Escort
 35730 | Vaults:3 | Identified the Grimoire of Feathers
 35955 | Vaults:3 | Noticed a bone dragon
 35962 | Vaults:3 | Killed a bone dragon
 35965 | Vaults:3 | Reached skill level 1 in Translocations
 35991 | Vaults:3 | Identified the Collected Works on Darkness
 36155 | Vaults:3 | Reached skill level 20 in Unarmed Combat
 36885 | Vaults:4 | Noticed Jory
 36900 | Vaults:4 | Killed Jory
 37227 | Vaults:4 | Reached XP level 21. HP: 173/173 MP: 25/31
 37663 | Vaults:4 | Learned a level 1 spell: Beastly Appendage
 37670 | Vaults:5 | Entered Level 5 of the Vaults
 37773 | Vaults:3 | Reached skill level 5 in Charms
 38326 | Elf:1    | Reached skill level 5 in Translocations
 38990 | Elf:2    | Found a roughly hewn altar of Beogh.
 39082 | Elf:2    | Found a huge runed gate.
 39082 | Elf:2    | Found a huge runed gate.
 39082 | Elf:2    | Found a huge runed gate.
 39088 | Elf:2    | Found a huge runed gate.
 39089 | Elf:2    | Found a huge runed gate.
 39396 | Elf:3    | Entered Level 3 of the Elven Halls
 39527 | Elf:3    | Reached skill level 21 in Unarmed Combat
 39635 | Elf:3    | Reached XP level 22. HP: 183/183 MP: 23/32
 39900 | Elf:3    | Learned a level 6 spell: Deflect Missiles
 39910 | Elf:3    | Identified the Handbook of the Secret Tales
 40631 | D:11     | Reached skill level 15 in Spellcasting
 40782 | Slime:1  | Entered Level 1 of the Pits of Slime
 40963 | Slime:5  | Entered Level 5 of the Pits of Slime
 41008 | Slime:4  | Reached skill level 15 in Earth Magic
 41083 | Slime:5  | Noticed the Royal Jelly
 41083 | Slime:5  | Gained mutation: You are clumsy. (Dex -2) [a shining eye]
 41090 | Slime:5  | Killed the Royal Jelly
 41354 | Slime:5  | Got a transparent glass ring
 41355 | Slime:5  | Identified the ring of Mato {Int+6 Dex+5} (You found it on level 5 of the Pits of Slime)
 41358 | Slime:5  | Got a slimy rune of Zot
 41381 | Slime:5  | Identified Diciobbo's Papyrus of Virous Cold
 41418 | Slime:5  | Identified the Papyrus of Shifting Battle Magic
 41686 | Slime:4  | Reached skill level 1 in Evocations
 41690 | Slime:3  | Gained mutation: Scrolls take you a little longer to read. [a shining eye]
 41763 | Lair:6   | Lost mutation: You are weak. (Str -2) [potion of mutation]
 41763 | Lair:6   | Lost mutation: You have large cloven feet. [potion of mutation]
 41763 | Lair:6   | Lost mutation: Your flesh is cold resistant. (rC+) [potion of mutation]
 41763 | Lair:6   | Lost mutation: Scrolls take you a little longer to read. [potion of mutation]
 41763 | Lair:6   | Gained mutation: You possess an exceptional clarity of mind. [potion of mutation]
 42025 | Vaults:5 | Reached XP level 23. HP: 177/192 MP: 27/34
 42057 | Vaults:4 | Reached skill level 1 in Air Magic
 42811 | Vaults:5 | Got a silver rune of Zot
 43183 | Vaults:5 | Reached skill level 22 in Unarmed Combat
 43183 | Vaults:5 | Reached skill level 5 in Evocations
 43730 | Vaults:5 | Identified the Disquisition on Earthen Battle Magic
 43755 | Vaults:5 | Identified the cursed ring of Boixozy {*Slow rC+ rN+ MR+ Str-3} (You found it on level 5 of the Vaults)
 43976 | Crypt:1  | Entered Level 1 of the Crypt
 43979 | Crypt:1  | Noticed Mara
 44017 | Crypt:1  | Noticed inmateoo's illusion
 44263 | Crypt:1  | Killed Mara
 44263 | Crypt:1  | Reached skill level 10 in Dodging
 44263 | Crypt:1  | Reached XP level 24. HP: 203/203 MP: 29/34
 44400 | Crypt:1  | Noticed Jorgrun
 44406 | Crypt:1  | Killed Jorgrun
 44479 | Crypt:1  | Learned a level 4 spell: Passage of Golubria
 44968 | Crypt:2  | Noticed Frederick
 44974 | Crypt:2  | Killed Frederick
 45534 | Crypt:3  | Entered Level 3 of the Crypt
 45658 | Crypt:3  | Reached skill level 5 in Air Magic
 45793 | Crypt:3  | Noticed Saint Roka
 45798 | Crypt:3  | Killed Saint Roka
 45887 | Crypt:3  | Noticed an ancient lich
 45893 | Crypt:3  | Killed an ancient lich
 46112 | Crypt:3  | Found a staircase to the Tomb.
 46464 | Crypt:3  | Noticed an ancient lich
 46477 | Crypt:3  | Killed an ancient lich
 46490 | Crypt:3  | Identified Ugutetapt's Disquisition on Dislocation
 46493 | Crypt:3  | Identified the ring of Cenar {Fire -Tele Str+3 Int+4} (You found it on level 3 of the Crypt)
 46528 | Tomb:1   | Entered Level 1 of the Tomb of the Ancients
 46637 | Tomb:1   | Reached XP level 25. HP: 212/212 MP: 32/35
 46864 | Tomb:1   | Noticed a greater mummy
 46875 | Tomb:1   | Killed a greater mummy
 47015 | Tomb:1   | Identified the +2 pair of gloves "Vufyes" {rCorr Str+3 Int+2} (You acquired it on level 1 of the Tomb of the Ancients)
 47344 | Tomb:1   | Got an ancient wooden ring
 47348 | Tomb:1   | Identified the ring "Mistiod" {rElec rC+} (You took it off a guardian mummy on level 1 of the Tomb of the Ancients)
 47403 | Tomb:2   | Noticed a greater mummy
 47500 | Tomb:2   | Noticed an ancient lich
 47505 | Tomb:2   | Killed an ancient lich
 47528 | Tomb:2   | Noticed a greater mummy
 47542 | Tomb:2   | Killed a greater mummy
 47545 | Tomb:2   | Noticed a greater mummy
 47555 | Tomb:2   | Killed a greater mummy
 47739 | Tomb:2   | Killed a greater mummy
 47739 | Tomb:2   | Reached skill level 10 in Evocations
 47741 | Tomb:2   | Reached skill level 15 in Fighting
 47963 | Tomb:3   | Entered Level 3 of the Tomb of the Ancients
 47972 | Tomb:3   | Reached skill level 23 in Unarmed Combat
 47974 | Tomb:3   | Noticed a greater mummy
 47978 | Tomb:3   | Noticed a greater mummy
 48053 | Tomb:3   | Noticed a greater mummy
 48054 | Tomb:3   | Noticed a greater mummy
 48066 | Tomb:3   | Noticed a greater mummy
 48068 | Tomb:3   | Noticed a greater mummy
 48069 | Tomb:3   | Killed a greater mummy
 48071 | Tomb:3   | Noticed a greater mummy
 48072 | Tomb:3   | Noticed a greater mummy
 48091 | Tomb:3   | Killed a greater mummy
 48099 | Tomb:3   | Reached XP level 26. HP: 118/222 MP: 9/35
 48124 | Tomb:3   | Killed a greater mummy
 48152 | Tomb:3   | Killed a greater mummy
 48158 | Tomb:3   | Noticed a greater mummy
 48173 | Tomb:3   | Killed a greater mummy
 48186 | Tomb:3   | Killed a greater mummy
 48239 | Tomb:3   | Got a golden rune of Zot
 48331 | Tomb:3   | Killed a greater mummy
 48538 | Tomb:3   | Got a flickering ivory ring
 48539 | Tomb:3   | Identified the ring of Ypaeleik {rF+ MR+ Str+4 Int+2} (You found it on level 3 of the Tomb of the Ancients)
 48560 | Tomb:3   | Got a crude granite ring
 48561 | Tomb:3   | Identified the ring of Dithmenos's Scorn {Int+10 Dex-4 Slay+1} (You found it on level 3 of the Tomb of the Ancients)
 49183 | D:13     | Cast into level 5 of the Abyss (a distortion unwield)
 49183 | Abyss:5  | Entered Level 5 of the Abyss
 49225 | Abyss:5  | Found a corrupted altar of Lugonu.
 49227 | Abyss:5  | Got an abyssal rune of Zot
 49259 | D:13     | Escaped the Abyss
 49293 | Depths:1 | Entered Level 1 of the Depths
 49321 | Depths:1 | Found a gateway to Hell.
 49331 | Depths:1 | Found a flickering gateway to a bazaar.
 49392 | Hell     | Entered the Vestibule of Hell
 49392 | Hell     | Noticed Geryon
 49477 | Depths:1 | Found a shattered altar of Ashenzari.
 49591 | Depths:1 | Found a one-way gate leading to the halls of Pandemonium.
 49688 | Depths:1 | Found a gateway to a ziggurat.
 49699 | Zig:1    | Entered Level 1 of a ziggurat
 49716 | Zig:2    | Entered Level 2 of a ziggurat
 49741 | Zig:2    | Learned a level 6 spell: Iron Shot
 49746 | Zig:3    | Entered Level 3 of a ziggurat
 49778 | Zig:4    | Entered Level 4 of a ziggurat
 49812 | Zig:5    | Entered Level 5 of a ziggurat
 49846 | Zig:5    | Identified the Catalogue of Torrid Self-Improvement
 49871 | Zig:6    | Entered Level 6 of a ziggurat
 49925 | Zig:7    | Entered Level 7 of a ziggurat
 49976 | Zig:8    | Entered Level 8 of a ziggurat
 49988 | Zig:8    | Paralysed by accursed screaming for 1 turns
 50029 | Zig:8    | Learned a level 9 spell: Shatter
 50042 | Zig:8    | Identified the Guide on Supportive Poisoning
 50051 | Zig:9    | Entered Level 9 of a ziggurat
 50144 | Zig:10   | Entered Level 10 of a ziggurat
 50230 | Zig:10   | Identified Entiyc's Catalogue of Excruciating Displacement
 50236 | Zig:10   | Identified Sif Muna's Papyrus of Feathery Talismans
 50243 | Zig:10   | Reached XP level 27. HP: 237/237 MP: 34/36
 50250 | Zig:11   | Entered Level 11 of a ziggurat
 50295 | Zig:11   | Identified the ring of Weafit {Fire Int+6 Stlth-} (You found it on level 11 of a ziggurat)
 50776 | Hell     | Killed Geryon
 50826 | Hell     | Found a gateway to the Iron City of Dis.
 50894 | Hell     | Found a gateway to the freezing wastes of Cocytus.
 50904 | Coc:1    | Entered Level 1 of Cocytus
 50904 | Coc:1    | Found a gateway to Hell.
 51216 | Coc:2    | Found a gateway to Hell.
 51237 | Coc:2    | Reached skill level 24 in Unarmed Combat
 51275 | Coc:2    | Found a gateway to Hell.
 51301 | Coc:3    | Found a gateway to Hell.
 51310 | Coc:4    | Found a gateway to Hell.
 51311 | Coc:4    | Found a gateway to Hell.
 51327 | Coc:5    | Found a gateway to Hell.
 51395 | Coc:7    | Entered Level 7 of Cocytus
 51395 | Coc:7    | Found a gateway to Hell.
 51395 | Coc:7    | Found a gateway to Hell.
 51395 | Coc:7    | Found a gateway to Hell.
 51493 | Coc:7    | Reached skill level 10 in Air Magic
 51733 | Coc:7    | Reached skill level 15 in Dodging
 51952 | Coc:7    | Noticed Antaeus
 51969 | Coc:7    | Killed Antaeus
 52021 | Coc:7    | Got an icy rune of Zot
 52339 | Dis:1    | Entered Level 1 of the Iron City of Dis
 52339 | Dis:1    | Found a gateway to Hell.
 52499 | Dis:2    | Found a gateway to Hell.
 52757 | Dis:2    | Found a gateway to Hell.
 52785 | Dis:3    | Found a gateway to Hell.
 52869 | Dis:3    | Found a gateway to Hell.
 52876 | Dis:4    | Found a gateway to Hell.
 52941 | Dis:5    | Found a gateway to Hell.
 53116 | Dis:6    | Found a gateway to Hell.
 53359 | Dis:6    | Found a gateway to Hell.
 53503 | Dis:7    | Entered Level 7 of the Iron City of Dis
 53503 | Dis:7    | Found a gateway to Hell.
 53503 | Dis:7    | Found a gateway to Hell.
 53632 | Dis:7    | Reached skill level 15 in Evocations
 53803 | Dis:7    | Reached skill level 25 in Unarmed Combat
 53954 | Dis:7    | Noticed Dispater
 53970 | Dis:7    | Killed Dispater
 53986 | Dis:7    | Got an iron rune of Zot
 54237 | Hell     | Found a gateway to the ashen valley of Gehenna.
 54247 | Geh:1    | Entered Level 1 of Gehenna
 54247 | Geh:1    | Found a gateway to Hell.
 54380 | Geh:2    | Found a gateway to Hell.
 54420 | Geh:2    | Reached skill level 10 in Translocations
 54442 | Geh:3    | Found a gateway to Hell.
 54545 | Geh:3    | Found a gateway to Hell.
 54669 | Geh:4    | Found a gateway to Hell.
 54681 | Geh:4    | Found a gateway to Hell.
 54790 | Geh:5    | Found a gateway to Hell.
 54893 | Geh:6    | Found a gateway to Hell.
 54897 | Geh:7    | Entered Level 7 of Gehenna
 54897 | Geh:7    | Found a gateway to Hell.
 54897 | Geh:7    | Found a gateway to Hell.
 54897 | Geh:7    | Found a gateway to Hell.
 55130 | Geh:7    | Noticed Asmodeus
 55235 | Geh:7    | Killed Asmodeus
 55251 | Geh:7    | Got an obsidian rune of Zot
 55396 | Hell     | Found a gateway to the decaying netherworld of Tartarus.
 55405 | Tar:1    | Entered Level 1 of Tartarus
 55405 | Tar:1    | Found a gateway to Hell.
 55409 | Tar:2    | Found a gateway to Hell.
 55489 | Tar:2    | Found a gateway to Hell.
 55566 | Tar:2    | Found a gateway to Hell.
 55604 | Tar:3    | Found a gateway to Hell.
 55624 | Tar:3    | Found a gateway to Hell.
 55877 | Tar:4    | Found a gateway to Hell.
 55881 | Tar:5    | Found a gateway to Hell.
 56009 | Tar:6    | Found a gateway to Hell.
 56036 | Tar:7    | Entered Level 7 of Tartarus
 56036 | Tar:7    | Found a gateway to Hell.
 56156 | Tar:7    | Noticed the Serpent of Hell
 56162 | Tar:7    | Killed the Serpent of Hell
 56167 | Tar:7    | Reached skill level 26 in Unarmed Combat
 56269 | Tar:7    | Noticed Ereshkigal
 56277 | Tar:7    | Killed Ereshkigal
 56313 | Tar:7    | Got a bone rune of Zot
 56468 | Pan      | Entered Pandemonium
 56487 | Pan      | Found an exit through the horrors of the Abyss.
 56510 | Pan      | Found a runed door.
 56523 | Pan      | Found a runed door.
 56526 | Pan      | Noticed Ozicumpu the pandemonium lord
 56530 | Pan      | Gained mutation: Scrolls take you a little longer to read. [a neqoxec]
 56536 | Pan      | Killed Ozicumpu the pandemonium lord
 56540 | Pan      | Found a runed door.
 56547 | Pan      | Found a runed door.
 56562 | Depths:1 | Escaped Pandemonium
 56564 | Pan      | Entered Pandemonium
 56818 | Pan      | Noticed Timoj the pandemonium lord
 56885 | Pan      | Killed Timoj the pandemonium lord
 57005 | Pan      | Found a runed door.
 57041 | Pan      | Got a demonic rune of Zot
 57140 | Pan      | Noticed Muidaim the pandemonium lord
 57162 | Pan      | Killed Muidaim the pandemonium lord
 57394 | Pan      | Found an exit through the horrors of the Abyss.
 57465 | Pan      | Entered the realm of Mnoleg.
 57468 | Pan      | Gained mutation: You do not regenerate when monsters are visible. [a shining eye]
 57564 | Pan      | Gained mutation: Your spells are a little easier to cast, but a little less powerful. [a neqoxec]
 57612 | Pan      | Gained mutation: Your mind is acute. (Int +2) [a shining eye]
 57692 | Pan      | Gained mutation: You are frail. (-10% HP) [a cacodemon]
 57748 | Pan      | Noticed Mnoleg
 57762 | Pan      | Killed Mnoleg
 57791 | Pan      | Gained mutation: Your body sometimes deteriorates upon taking damage. [a cacodemon]
 57846 | Pan      | Got a glowing rune of Zot
 57935 | Pan      | Noticed Zyumm the pandemonium lord
 57941 | Pan      | Killed Zyumm the pandemonium lord
 57970 | Pan      | Identified the +2 pair of gloves of Ycaemn {*Contam MR+ rCorr} (You found it in Pandemonium)
 58319 | Pan      | Noticed Hiurek the pandemonium lord
 58325 | Pan      | Killed Hiurek the pandemonium lord
 58356 | Pan      | Found an exit through the horrors of the Abyss.
 58358 | Pan      | Cast into level 2 of the Abyss (red devil)
 58364 | Pan      | Escaped the Abyss
 58364 | Pan      | Noticed Udiar the pandemonium lord
 58372 | Pan      | Killed Udiar the pandemonium lord
 58544 | Pan      | Entered the realm of Lom Lobon.
 58760 | Pan      | Noticed Lom Lobon
 58771 | Pan      | Killed Lom Lobon
 58783 | Pan      | Got a magical rune of Zot
 58970 | Pan      | Lost mutation: Your mind is acute. (Int +2) [potion of mutation]
 58970 | Pan      | Lost mutation: You are frail. (-10% HP) [potion of mutation]
 58970 | Pan      | Lost mutation: You are clumsy. (Dex -2) [potion of mutation]
 58970 | Pan      | Lost mutation: Your magical capacity is very low. (-20% MP) [potion of mutation]
 58970 | Pan      | Lost mutation: Your body sometimes deteriorates upon taking damage. [potion of mutation]
 58970 | Pan      | Lost mutation: Your system is resistant to poisons. (rPois) [potion of mutation]
 58970 | Pan      | Gained mutation: Your magical capacity is very low. (-20% MP) [potion of mutation]
 58970 | Pan      | Lost mutation: Your spells are a little easier to cast, but a little less powerful. [potion of mutation]
 58970 | Pan      | Gained mutation: You have sharp toenails. [potion of mutation]
 59099 | Pan      | Noticed Mennas
 59110 | Pan      | Killed Mennas
 59236 | Pan      | Entered the realm of Cerebov.
 59301 | Pan      | Noticed Cerebov
 59320 | Pan      | Killed Cerebov
 59353 | Pan      | Got a fiery rune of Zot
 59570 | Pan      | Noticed Sottadeh the pandemonium lord
 59572 | Pan      | Killed Sottadeh the pandemonium lord
 59629 | Pan      | Noticed Tullerr the pandemonium lord
 59643 | Pan      | Killed Tullerr the pandemonium lord
 59748 | Pan      | Noticed Tamp the pandemonium lord
 59757 | Pan      | Killed Tamp the pandemonium lord
 59798 | Pan      | Found an exit through the horrors of the Abyss.
 59906 | Pan      | Found a huge runed gate.
 59912 | Pan      | Noticed Guecacom the pandemonium lord
 59922 | Pan      | Killed Guecacom the pandemonium lord
 59974 | Pan      | Entered the realm of Gloorx Vloq.
 59974 | Pan      | Noticed Ignacio
 59984 | Pan      | Killed Ignacio
 60138 | Pan      | Noticed Gloorx Vloq
 60144 | Pan      | Killed Gloorx Vloq
 60159 | Pan      | Got a dark rune of Zot
 60298 | Pan      | Found an exit through the horrors of the Abyss.
 60316 | Pan      | Took an exit into the Abyss.
 60316 | Abyss:1  | Escaped into the Abyss
 60328 | Depths:1 | Escaped the Abyss
 60527 | Depths:4 | Noticed Boris
 60532 | Depths:4 | Killed Boris
 60558 | Depths:4 | Noticed an ancient lich
 60563 | Depths:4 | Killed an ancient lich
 60619 | Depths:4 | Found a one-way gate to the infinite horrors of the Abyss.
 60654 | Depths:5 | Entered Level 5 of the Depths
 60691 | Depths:5 | Paralysed by a floating eye for 3 turns
 60773 | Depths:5 | Found a gate to the Realm of Zot.
 60820 | Zot:1    | Entered Level 1 of the Realm of Zot
 61112 | Zot:5    | Entered Level 5 of the Realm of Zot
 61163 | Zot:5    | Noticed an orb of fire
 61226 | Zot:5    | Noticed an orb of fire
 61231 | Zot:5    | Gained mutation: Your body sometimes deteriorates upon taking damage. [an orb of fire]
 61232 | Zot:5    | Killed an orb of fire
 61254 | Zot:5    | Noticed an orb of fire
 61256 | Zot:5    | Lost mutation: You have sharp toenails. [an orb of fire]
 61260 | Zot:5    | Killed an orb of fire
 61288 | Zot:5    | Got the Orb of Zot
 61301 | Zot:5    | Noticed Zusirgh the pandemonium lord
 61308 | Zot:5    | Killed Zusirgh the pandemonium lord
 61545 | Depths:2 | Noticed Anoblyg the pandemonium lord
 61562 | Depths:2 | Killed Anoblyg the pandemonium lord
 61565 | Depths:2 | Gained mutation: Scrolls take you longer to read. [a cacodemon]
 61589 | Depths:1 | Noticed Plog the pandemonium lord
 61762 | D:7      | Noticed Feonwuh the pandemonium lord
 61770 | D:7      | Killed Feonwuh the pandemonium lord
 61901 | D:$      | Escaped with the Orb!

Skill      XL: |  1  2  3  4  5  6  7  8  9 10 11 12 13 14 15 16 17 18 19 20 21 22 23 24 25 26 27 |
---------------+----------------------------------------------------------------------------------+-----
Unarmed Combat | 3 4 5 6 7 9 10 12 13 14 15 16 17 18 19 20 21 22 23 26 | 26.5
Fighting       | 4 5 7 8 9 10 11 12 13 14 15 17 24 | 24.1
Dodging        | 4 5 6 7 8 10 11 12 13 22 | 22.5
Shields        | 3 5 6 7 8 9 10 11 12 13 14 | 14.1
Invocations    | 3 6 9 10 | 10.3
Transmutations | 2 6 8 10 11 12 13 14 | 14.0
Earth Magic    | 3 6 8 10 11 12 13 14 15 16 17 18 19 24 | 24.9
Spellcasting   | 3 5 7 9 10 11 12 13 14 15 16 17 18 20 | 20.5
Translocations | 3 5 7 12 | 12.6
Charms         | 4 5 7 |  7.1
Evocations     | 1 6 8 10 12 22 | 22.8
Air Magic      | 3 5 7 9 10 | 10.2

Action                   |  1- 3 |  4- 6 |  7- 9 | 10-12 | 13-15 | 16-18 | 19-21 | 22-24 | 25-27 || total
-------------------------+-------+-------+-------+-------+-------+-------+-------+-------+-------++-------
Melee: Unarmed           |   137 |   267 |   302 |   675 |  1382 |  1310 |  1089 |  1085 |  4299 || 10546
       Tailslap          |     6 |    17 |    36 |   173 |   355 |   296 |   255 |   258 |   941 ||  2337
       Punch             |       |     6 |     3 |       |       |       |       |       |       ||     9
       Kick              |       |       |    40 |   336 |   240 |   266 |   288 |   119 |   285 ||  1574
       Bite              |       |       |       |       |       |   234 |   183 |   204 |   745 ||  1366
 Fire: Blowgun           |       |       |       |       |       |    28 |       |       |       ||    28
Throw: Throwing net      |       |       |       |     1 |       |       |       |       |       ||     1
 Cast: Infusion          |       |     3 |       |       |       |       |       |       |       ||     3
       Regeneration      |       |     1 |       |       |     1 |    16 |    14 |    27 |   266 ||   325
       Statue Form       |       |       |       |       |     1 |    43 |    41 |    46 |   214 ||   345
       Lesser Beckoning  |       |       |       |       |       |     7 |     7 |    22 |   105 ||   141
       Lee's Rapid Decon |       |       |       |       |       |       |     1 |    44 |    15 ||    60
       Beastly Appendage |       |       |       |       |       |       |     1 |       |       ||     1
       Deflect Missiles  |       |       |       |       |       |       |       |       |    18 ||    18
       Apportation       |       |       |       |       |       |       |       |       |     8 ||     8
       Passage of Golubr |       |       |       |       |       |       |       |       |     5 ||     5
       Passwall          |       |       |       |       |       |       |       |       |    14 ||    14
       Shatter           |       |       |       |       |       |       |       |       |    11 ||    11
       Iron Shot         |       |       |       |       |       |       |       |       |     4 ||     4
       Blink             |       |       |       |       |       |       |       |       |     3 ||     3
       Shroud of Golubri |       |       |       |       |       |       |       |       |     3 ||     3
Invok: Slouch            |       |       |       |     3 |    11 |     1 |     3 |     2 |    39 ||    59
       Temporal Distorti |       |       |       |       |     5 |     1 |     2 |       |     5 ||    13
       Step From Time    |       |       |       |       |       |       |       |       |     1 ||     1
 Abil: Breathe Fire      |       |       |    19 |    14 |    12 |       |     2 |       |       ||    47
       Blink             |       |       |       |       |     1 |     6 |       |       |     2 ||     9
       Fly               |       |       |       |       |     1 |     3 |       |       |     3 ||     7
       Stop Flying       |       |       |       |       |     1 |     3 |       |       |     2 ||     6
       End Transformatio |       |       |       |       |       |     1 |       |     1 |       ||     2
Evoke: Wand              |       |       |       |     1 |    14 |     3 |     1 |     4 |    12 ||    35
       Phial of floods   |       |       |       |       |     1 |       |       |       |       ||     1
       Lamp of fire      |       |       |       |       |       |       |       |     2 |     6 ||     8
       Horn of Geryon    |       |       |       |       |       |       |       |       |     8 ||     8
       Box of beasts     |       |       |       |       |       |       |       |       |     7 ||     7
       Sack of spiders   |       |       |       |       |       |       |       |       |     5 ||     5
       Phantom mirror    |       |       |       |       |       |       |       |       |     1 ||     1
  Use: Scroll            |     2 |     4 |     9 |    14 |    25 |    11 |     7 |    19 |    39 ||   130
       Potion            |     2 |       |     2 |     3 |     2 |     2 |       |     4 |    37 ||    52
 Stab: Sleeping          |       |     2 |       |     2 |       |       |       |       |       ||     4
       Confused          |       |       |       |       |     6 |       |       |       |     4 ||    10
       Distracted        |       |       |       |       |     1 |       |     3 |     1 |     4 ||     9
       Held in net/web   |       |       |       |       |       |     2 |       |       |       ||     2
  Eat: Chunk             |     1 |     9 |    25 |    17 |    22 |    16 |     7 |     2 |       ||    99
       Fruit             |       |       |     2 |       |     8 |       |     9 |     3 |     2 ||    24
       Royal jelly       |       |       |       |     2 |     5 |     9 |       |     8 |     4 ||    28
       Meat ration       |       |       |       |       |       |     1 |     2 |       |     1 ||     4
       Bread ration      |       |       |       |       |       |       |       |     1 |    13 ||    14
Armor: Skin              |    72 |    67 |    78 |   122 |   184 |   681 |   393 |   468 |  1576 ||  3641
Dodge: Dodged            |   125 |   153 |   161 |   309 |   776 |  1121 |   657 |   793 |  4900 ||  8995
       Deflected         |       |       |       |       |       |       |       |       |   121 ||   121
Block: Shield            |       |       |     1 |   350 |   904 |  1496 |   942 |   993 |  6490 || 11176
       Reflection        |       |       |       |       |       |     9 |   103 |    59 |   133 ||   304
       Buckler           |       |       |       |       |       |       |       |     2 |       ||     2
